Canadiens vs Bruins

Created - 12 octobre 2019 at 22:16

Simulating a Pre-Season

Goals
1 2 3 T
Canadiens 1 1 0 2
Bruins 0 1 2 3
Shots
1 2 3 T
Canadiens 14 13 5 32
Bruins 4 9 17 30

1st period

1. Canadiens , Auston Matthews 5 (Ilya Kovalchuk 1, Josh Morrissey 4) at 12:29

Penalties :
Noah Hanifin (BOS) for Interference (Minor) at 3:57, Sergei Bobrovsky (BOS) for Slashing (Minor) at 5:28 - Jamie Benn served the penalty., Connor Clifton (BOS) for Hooking (Minor) at 17:08

2nd period

2. Canadiens , Auston Matthews 6 (Ilya Kovalchuk 2) at 1:02
3. Bruins , Jake Debrusk 2 (Noah Hanifin 4, Torey Krug 5) at 11:39

Penalties :
Kasperi Kapanen (BOS) for Interference (Minor) at 1:27, Brendan Gallagher (BOS) for Holding Stick (Minor) at 8:51, Jamie Benn (BOS) for Tripping (Minor) at 19:32

3rd period

4. Bruins , Nino Niederreiter 2 (Brendan Gallagher 1, Victor Hedman 7) at 5:08 (PP)
5. Bruins , Markus Granlund 2 (P.K. Subban 1, Victor Hedman 8) at 12:53

Penalties :
Cam Fowler (MTL) for Holding (Minor) at 3:14

Goalie Stats

Tuukka Rask (MTL), 27 saves from 30 shots - (0.900), L, 2-2-0, 59:15 minutes
Sergei Bobrovsky (BOS), 30 saves from 32 shots - (0.938), W, 3-1-0, 60:00 minutes

Players Stats for Canadiens

Player Name              G  A  P  +/- PIM S  H  SB GA TA FO     MP     PP MP  PK MP  
------------------------------------------------------------------------------------
Auston Matthews          2  0  2   1  0   6  0  0  0  0  14/22  21:25   5:42   0:42 
Cam Fowler               0  0  0   0  2   2  1  0  0  0  0/0    24:26   5:51   0:00 
Colin White              0  0  0   1  0   3  1  0  0  0  3/5    20:25   5:42   0:00 
Ilya Kovalchuk           0  2  2   1  0   3  2  0  0  0  0/4    20:25   5:42   0:00 
Ivan Provorov            0  0  0   1  0   2  2  2  0  0  0/0    24:02   5:51   1:15 
Jakob Silfverberg        0  0  0  -1  0   5  1  0  0  0  1/3    18:32   5:44   1:12 
John Tavares             0  0  0  -1  0   0  0  0  0  0  15/22  23:32   5:44   0:42 
Jordan Eberle            0  0  0   0  0   4  4  0  0  0  0/0    14:33   0:00   0:00 
Josh Morrissey           0  1  1   0  0   0  1  5  0  0  0/0    20:26   5:35   1:14 
Karl Alzner              0  0  0   0  0   0  0  0  0  0  0/0     0:00   0:00   0:00 
Marcus Johansson         0  0  0   0  0   1  0  0  0  0  0/1    14:33   0:00   0:00 
Matt Cullen              0  0  0   0  0   0  0  1  0  0  6/10   14:49   0:00   0:00 
Michael Stone            0  0  0   0  0   1  4  0  0  0  0/0    14:27   0:00   0:00 
Nate Schmidt             0  0  0   0  0   1  1  1  0  0  0/0    20:02   5:35   0:00 
Nick Shore               0  0  0   0  0   1  0  1  0  0  3/8     5:32   0:00   0:00 
Ron Hainsey              0  0  0  -1  0   0  1  1  0  0  0/0    16:36   0:00   1:19 
Teuvo Teravainen         0  0  0  -1  0   3  1  0  0  0  1/4    18:48   5:44   1:12 
Tyson Jost               0  0  0   0  0   0  0  0  0  0  0/0     5:32   0:00   0:00 

Players Stats for Bruins

Player Name              G  A  P  +/- PIM S  H  SB GA TA FO     MP     PP MP  PK MP  
------------------------------------------------------------------------------------
Brad Richardson          0  0  0  -1  0   4  1  0  0  0  1/1    23:43   0:54   7:07 
Brendan Gallagher        0  1  1  -1  2   3  2  0  0  0  0/0    14:20   1:00   0:00 
Brock Boeser             0  0  0  -1  0   3  0  0  0  0  3/8    20:11   0:54   3:35 
Connor Clifton           0  0  0   0  2   0  0  1  0  0  0/0    12:57   0:00   1:35 
Jake Debrusk             1  0  1   1  0   2  0  0  0  0  0/1     7:28   0:00   0:05 
Jamie Benn               0  0  0  -1  2   3  4  0  0  0  13/28  21:02   0:54   4:27 
Joel Eriksson Ek         0  0  0   1  0   1  0  0  0  0  0/0     9:09   0:00   1:46 
Johan Larsson            0  0  0  -1  0   3  1  1  0  0  7/18   14:21   1:00   0:00 
Jonas Brodin             0  0  0   0  0   0  0  0  0  0  0/0    11:45   0:00   0:22 
Kasperi Kapanen          0  0  0   1  2   0  0  0  0  0  3/4    12:02   0:00   1:49 
Markus Granlund          1  0  1   1  0   3  2  0  0  0  0/0    10:14   0:00   0:00 
Nick Schmaltz            0  0  0   1  0   1  0  0  0  0  5/11   10:14   0:00   0:00 
Nino Niederreiter        1  0  1  -1  0   2  0  0  0  0  0/0    17:56   1:00   3:35 
Noah Hanifin             0  1  1  -1  2   2  2  4  0  0  0/0    21:16   0:54   4:16 
P.K. Subban              0  1  1   1  0   0  1  1  0  0  0/0    25:59   1:00   5:49 
Paul Carey               0  0  0   1  0   0  1  0  0  0  4/8     7:23   0:00   0:00 
Torey Krug               0  1  1  -1  0   1  2  1  0  0  0/0    22:02   0:54   5:01 
Victor Hedman            0  2  2   1  0   2  2  0  0  0  0/0    25:59   1:00   5:49 

3 Stars

1 - Auston Matthews (MTL)
2 - Markus Granlund (BOS)
3 - Victor Hedman (BOS)

Power Play

Canadiens - 0 on 6 Attempt(s) - 0.00%
Bruins - 1 on 1 Attempt(s) - 100.00%

Penalty Kill

Canadiens - 0 on 1 Attempt(s) - 0.00% - Score 0 goal in Penalty Kill
Bruins - 6 on 6 Attempt(s) - 100.00% - Score 0 goal in Penalty Kill

Team Stat

Canadiens - Hits : 19 - Faceoff Wins : 43 - Blocked Shots : 11 - Penalty Minutes : 2
Bruins - Hits : 18 - Faceoff Wins : 36 - Blocked Shots : 8 - Penalty Minutes : 12

Official

Referees : Evgeny Romasko and Jean Hebert
Linesman : Thor Nelson and Tony Sericolo

Game Notes

No Game Note

% Time on Ice - Canadiens

Lines # - Real PCT - Wanted PCT - Time Play
Normal Forward
1 - 25% - 35% - 11:36
2 - 32% - 30% - 14:43
3 - 31% - 25% - 14:33
4 - 12% - 10% - 5:32
Normal Defense
1 - 33% - 35% - 15:23
2 - 36% - 35% - 16:34
3 - 16% - 15% - 7:17
4 - 15% - 15% - 7:10
PP Forward
1 - 50% - 50% - 5:44
2 - 50% - 50% - 5:42
PP Defense
1 - 51% - 50% - 5:51
2 - 49% - 50% - 5:35
PK Forward
1 - 37% - 50% - 0:42
2 - 63% - 50% - 1:12
PK Defense
1 - 66% - 50% - 1:15
2 - 34% - 50% - 0:39
PK3 Forward
1 - 0% - 60%
2 - 0% - 40%
PK3 Defense
1 - 0% - 60%
2 - 0% - 40%
44 Forward
1 - 0% - 50%
2 - 0% - 50%
44 Defense
1 - 0% - 50%
2 - 0% - 50%
Last Minute Offensive  - 0:16
Last Minute Defensive  - 0:00
Total
Forward - 60:00
Defense - 60:00

% Time on Ice - Bruins

Lines # - Real PCT - Wanted PCT - Time Play
Normal Forward
1 - 34% - 40% - 15:42
2 - 29% - 30% - 13:21
3 - 22% - 20% - 10:06
4 - 16% - 10% - 7:23
Normal Defense
1 - 41% - 40% - 19:10
2 - 35% - 35% - 16:07
3 - 24% - 25% - 11:15
4 - 0% - 0% - 0:00
PP Forward
1 - 47% - 60% - 0:54
2 - 53% - 40% - 1:00
PP Defense
1 - 53% - 60% - 1:00
2 - 47% - 40% - 0:54
PK Forward
1 - 67% - 60% - 7:23
2 - 33% - 40% - 3:35
PK Defense
1 - 52% - 60% - 5:45
2 - 48% - 40% - 5:13
PK3 Forward
1 - 100% - 60% - 0:28
2 - 0% - 40% - 0:00
PK3 Defense
1 - 14% - 60% - 0:04
2 - 86% - 40% - 0:24
44 Forward
1 - 0% - 60%
2 - 0% - 40%
44 Defense
1 - 0% - 60%
2 - 0% - 40%
Last Minute Offensive  - 0:00
Last Minute Defensive  - 0:08
Total
Forward - 60:00
Defense - 60:00

Play-by-Play

1st period


0:01 of 1st period - John Tavares wins face-off versus Brock Boeser in neutral zone.
0:15 of 1st period - Victor Hedman is hit by Ivan Provorov and loses puck.
1:05 of 1st period - Shot by Johan Larsson.
1:05 of 1st period - Shot Blocked by Josh Morrissey.
1:14 of 1st period - Icing by Colin White.
1:15 of 1st period - Auston Matthews wins face-off versus Nick Schmaltz in Canadiens zone.
1:47 of 1st period - Shot by Nick Schmaltz.
1:47 of 1st period - Shot Blocked by Josh Morrissey.
1:49 of 1st period - Shot by Markus Granlund.
1:49 of 1st period - Shot Misses the Net.
1:55 of 1st period - Shot by Markus Granlund.
1:55 of 1st period - Stopped by Tuukka Rask without a rebound.
1:56 of 1st period - Johan Larsson wins face-off versus Matt Cullen in Canadiens zone.
1:59 of 1st period - Shot by Nino Niederreiter.
1:59 of 1st period - Shot Misses the Net.
2:07 of 1st period - Noah Hanifin is hit by Jordan Eberle and loses puck.
2:14 of 1st period - Shot by Matt Cullen.
2:14 of 1st period - Deflect By Marcus Johansson.
2:14 of 1st period - Stopped by Sergei Bobrovsky with a rebound.
2:16 of 1st period - Shot by Nate Schmidt.
2:16 of 1st period - Shot Blocked by Noah Hanifin.
2:18 of 1st period - Shot by Nate Schmidt.
2:18 of 1st period - Stopped by Sergei Bobrovsky without a rebound.
2:19 of 1st period - Nick Shore wins face-off versus Paul Carey in Bruins zone.
2:44 of 1st period - Shot by John Tavares.
2:44 of 1st period - Shot Misses the Net.
3:27 of 1st period - Shot by Jordan Eberle.
3:27 of 1st period - Stopped by Sergei Bobrovsky without a rebound.
3:28 of 1st period - Auston Matthews wins face-off versus Jamie Benn in Bruins zone.
3:54 of 1st period - Ilya Kovalchuk is hit by Noah Hanifin and loses puck.
3:57 of 1st period - Shot by Auston Matthews.
3:57 of 1st period - Stopped by Sergei Bobrovsky without a rebound.
3:57 of 1st period - Minor Penalty to Noah Hanifin for Interference.
3:58 of 1st period - Teuvo Teravainen wins face-off versus Jamie Benn in Bruins zone.
4:55 of 1st period - Torey Krug is hit by Ilya Kovalchuk and loses puck.
5:22 of 1st period - Shot by Auston Matthews.
5:22 of 1st period - Deflect By Colin White.
5:22 of 1st period - Stopped by Sergei Bobrovsky without a rebound.
5:23 of 1st period - John Tavares wins face-off versus Jamie Benn in Bruins zone.
5:28 of 1st period - Shot by Jakob Silfverberg.
5:28 of 1st period - Stopped by Sergei Bobrovsky without a rebound.
5:28 of 1st period - Minor Penalty to Sergei Bobrovsky for Slashing.
5:29 of 1st period - Kasperi Kapanen wins face-off versus Auston Matthews in Bruins zone.
6:09 of 1st period - Icing by Cam Fowler.
6:10 of 1st period - Kasperi Kapanen wins face-off versus Teuvo Teravainen in Canadiens zone.
6:30 of 1st period - Shot by Ivan Provorov.
6:30 of 1st period - Shot Blocked by Connor Clifton.
7:57 of 1st period - Shot by Nick Schmaltz.
7:57 of 1st period - Shot Blocked by Ron Hainsey.
7:59 of 1st period - Shot by Jonas Brodin.
7:59 of 1st period - Shot Blocked by Matt Cullen.
8:21 of 1st period - Shot by Brendan Gallagher.
8:21 of 1st period - Shot Misses the Net.
8:42 of 1st period - Johan Larsson is hit by Cam Fowler and loses puck.
8:50 of 1st period - Icing by Cam Fowler.
8:51 of 1st period - Paul Carey wins face-off versus Marcus Johansson in Canadiens zone.
8:51 of 1st period - Victor Hedman is hit by Ron Hainsey.
9:11 of 1st period - Shot by Joel Eriksson Ek.
9:11 of 1st period - Stopped by Tuukka Rask with a rebound.
9:13 of 1st period - Shot by Victor Hedman.
9:13 of 1st period - Shot Misses the Net.
9:15 of 1st period - Shot by Joel Eriksson Ek.
9:15 of 1st period - Deflect By Jake Debrusk.
9:15 of 1st period - Shot Misses the Net.
10:41 of 1st period - Icing by Jakob Silfverberg.
10:42 of 1st period - John Tavares wins face-off versus Johan Larsson in Canadiens zone.
10:55 of 1st period - Shot by Jakob Silfverberg.
10:55 of 1st period - Stopped by Sergei Bobrovsky without a rebound.
10:56 of 1st period - Auston Matthews wins face-off versus Paul Carey in Bruins zone.
10:56 of 1st period - Auston Matthews is hit by Noah Hanifin.
11:05 of 1st period - Auston Matthews is hit by Torey Krug.
11:07 of 1st period - Shot by Ilya Kovalchuk.
11:07 of 1st period - Shot Misses the Net.
11:09 of 1st period - Shot by Ilya Kovalchuk.
11:09 of 1st period - Shot Blocked by Noah Hanifin.
11:11 of 1st period - Shot by Auston Matthews.
11:11 of 1st period - Stopped by Sergei Bobrovsky with a rebound.
11:13 of 1st period - Shot by Michael Stone.
11:13 of 1st period - Stopped by Sergei Bobrovsky without a rebound.
11:14 of 1st period - Jamie Benn wins face-off versus Teuvo Teravainen in Bruins zone.
11:39 of 1st period - Shot by Brad Richardson.
11:39 of 1st period - Stopped by Tuukka Rask with a rebound.
12:29 of 1st period - Shot by Auston Matthews.
12:29 of 1st period - Goal by Auston Matthews - Canadiens : 1 - Bruins : 0.
12:30 of 1st period - Auston Matthews wins face-off versus Nick Schmaltz in neutral zone.
12:37 of 1st period - Icing by Ivan Provorov.
12:38 of 1st period - Nick Schmaltz wins face-off versus Colin White in Canadiens zone.
14:00 of 1st period - Shot by Nino Niederreiter.
14:00 of 1st period - Shot Misses the Net.
14:09 of 1st period - Icing by Nate Schmidt.
14:10 of 1st period - Jamie Benn wins face-off versus Nick Shore in Canadiens zone.
15:19 of 1st period - Shot by Markus Granlund.
15:19 of 1st period - Shot Misses the Net.
15:25 of 1st period - Ivan Provorov is hit by Markus Granlund and loses puck.
15:35 of 1st period - Kasperi Kapanen is hit by Ivan Provorov and loses puck.
16:35 of 1st period - Joel Eriksson Ek is hit by Josh Morrissey and loses puck.
16:50 of 1st period - Shot by Jake Debrusk.
16:50 of 1st period - Stopped by Tuukka Rask without a rebound.
16:51 of 1st period - Jamie Benn wins face-off versus Auston Matthews in Canadiens zone.
17:08 of 1st period - Shot by Teuvo Teravainen.
17:08 of 1st period - Stopped by Sergei Bobrovsky without a rebound.
17:08 of 1st period - Minor Penalty to Connor Clifton for Hooking.
17:09 of 1st period - Jamie Benn wins face-off versus Auston Matthews in Bruins zone.
17:09 of 1st period - Jamie Benn is hit by Colin White.
17:23 of 1st period - P.K. Subban is hit by Ilya Kovalchuk and loses puck.
17:57 of 1st period - Shot by Josh Morrissey.
17:57 of 1st period - Shot Misses the Net.
18:07 of 1st period - Shot by Jakob Silfverberg.
18:07 of 1st period - Shot Misses the Net.
18:09 of 1st period - Shot by Jakob Silfverberg.
18:09 of 1st period - Stopped by Sergei Bobrovsky without a rebound.
18:10 of 1st period - Jamie Benn wins face-off versus Teuvo Teravainen in Bruins zone.
18:21 of 1st period - Shot by Cam Fowler.
18:21 of 1st period - Stopped by Sergei Bobrovsky with a rebound.
18:23 of 1st period - Shot by Teuvo Teravainen.
18:23 of 1st period - Stopped by Sergei Bobrovsky without a rebound.
18:24 of 1st period - Brock Boeser wins face-off versus Auston Matthews in Bruins zone.
19:18 of 1st period - Icing by Cam Fowler.
19:19 of 1st period - Matt Cullen wins face-off versus Johan Larsson in Canadiens zone.
19:21 of 1st period - Icing by Jordan Eberle.
19:22 of 1st period - Matt Cullen wins face-off versus Johan Larsson in Canadiens zone.
19:51 of 1st period - P.K. Subban is hit by Jordan Eberle and loses puck.
Goals for this period are 1 for Canadiens vs 0 for Bruins.
Shots for this period are 14 for Canadiens vs 4 for Bruins.

2nd period


0:01 of 2nd period - Jamie Benn wins face-off versus John Tavares in neutral zone.
0:20 of 2nd period - Shot by Jakob Silfverberg.
0:20 of 2nd period - Stopped by Sergei Bobrovsky without a rebound.
0:21 of 2nd period - Johan Larsson wins face-off versus Auston Matthews in Bruins zone.
0:49 of 2nd period - Icing by Michael Stone.
0:50 of 2nd period - Auston Matthews wins face-off versus Jamie Benn in Canadiens zone.
0:50 of 2nd period - Auston Matthews is hit by Jamie Benn.
1:02 of 2nd period - Shot by Auston Matthews.
1:02 of 2nd period - Goal by Auston Matthews - Canadiens : 2 - Bruins : 0.
1:03 of 2nd period - Nick Schmaltz wins face-off versus John Tavares in neutral zone.
1:16 of 2nd period - Shot by Teuvo Teravainen.
1:16 of 2nd period - Shot Misses the Net.
1:18 of 2nd period - Shot by John Tavares.
1:18 of 2nd period - Shot Misses the Net.
1:20 of 2nd period - Shot by John Tavares.
1:20 of 2nd period - Shot Misses the Net.
1:27 of 2nd period - Minor Penalty to Kasperi Kapanen for Interference.
1:28 of 2nd period - Brad Richardson wins face-off versus Ilya Kovalchuk in Bruins zone.
1:45 of 2nd period - Shot by Auston Matthews.
1:45 of 2nd period - Stopped by Sergei Bobrovsky without a rebound.
1:46 of 2nd period - John Tavares wins face-off versus Jamie Benn in Bruins zone.
2:06 of 2nd period - Shot by Ivan Provorov.
2:06 of 2nd period - Shot Misses the Net.
2:08 of 2nd period - Shot by John Tavares.
2:08 of 2nd period - Deflect By Teuvo Teravainen.
2:08 of 2nd period - Shot Misses the Net.
2:12 of 2nd period - Shot by John Tavares.
2:12 of 2nd period - Shot Misses the Net.
2:14 of 2nd period - Shot by Ivan Provorov.
2:14 of 2nd period - Stopped by Sergei Bobrovsky without a rebound.
2:15 of 2nd period - Brock Boeser wins face-off versus Ilya Kovalchuk in Bruins zone.
2:21 of 2nd period - Icing by Josh Morrissey.
2:22 of 2nd period - Auston Matthews wins face-off versus Jamie Benn in Canadiens zone.
2:31 of 2nd period - Shot by Auston Matthews.
2:31 of 2nd period - Shot Misses the Net.
2:33 of 2nd period - Shot by Auston Matthews.
2:33 of 2nd period - Shot Misses the Net.
2:35 of 2nd period - Shot by Ilya Kovalchuk.
2:35 of 2nd period - Stopped by Sergei Bobrovsky without a rebound.
2:36 of 2nd period - John Tavares wins face-off versus Brock Boeser in Bruins zone.
2:41 of 2nd period - Shot by Ivan Provorov.
2:41 of 2nd period - Shot Misses the Net.
2:50 of 2nd period - Shot by Cam Fowler.
2:50 of 2nd period - Shot Misses the Net.
2:52 of 2nd period - Shot by Cam Fowler.
2:52 of 2nd period - Shot Blocked by Noah Hanifin.
3:05 of 2nd period - Teuvo Teravainen is hit by Jamie Benn and loses puck.
3:10 of 2nd period - Shot by Ivan Provorov.
3:10 of 2nd period - Shot Hit the Post.
3:52 of 2nd period - Icing by Josh Morrissey.
3:53 of 2nd period - Paul Carey wins face-off versus Colin White in Canadiens zone.
4:04 of 2nd period - Shot by Victor Hedman.
4:04 of 2nd period - Shot Misses the Net.
5:04 of 2nd period - Shot by Jordan Eberle.
5:04 of 2nd period - Shot Misses the Net.
5:12 of 2nd period - Shot by Brad Richardson.
5:12 of 2nd period - Shot Blocked by Nate Schmidt.
5:21 of 2nd period - Brock Boeser is hit by Michael Stone and loses puck.
5:39 of 2nd period - Johan Larsson is hit by Nate Schmidt and loses puck.
6:36 of 2nd period - Shot by Markus Granlund.
6:36 of 2nd period - Shot Misses the Net.
6:38 of 2nd period - Shot by Victor Hedman.
6:38 of 2nd period - Shot Blocked by Ivan Provorov.
6:59 of 2nd period - Off-side.
7:00 of 2nd period - Jamie Benn wins face-off versus Auston Matthews in neutral zone.
7:19 of 2nd period - Shot by Jamie Benn.
7:19 of 2nd period - Deflect By Brock Boeser.
7:19 of 2nd period - Shot Blocked by Josh Morrissey.
7:21 of 2nd period - Shot by Brad Richardson.
7:21 of 2nd period - Deflect By Brock Boeser.
7:21 of 2nd period - Shot Misses the Net.
7:23 of 2nd period - Shot by Brad Richardson.
7:23 of 2nd period - Shot Misses the Net.
7:25 of 2nd period - Shot by Brad Richardson.
7:25 of 2nd period - Stopped by Tuukka Rask without a rebound.
7:26 of 2nd period - Johan Larsson wins face-off versus Nick Shore in Canadiens zone.
7:50 of 2nd period - Shot by Johan Larsson.
7:50 of 2nd period - Shot Misses the Net.
7:58 of 2nd period - Shot by Nick Shore.
7:58 of 2nd period - Stopped by Sergei Bobrovsky without a rebound.
7:59 of 2nd period - Colin White wins face-off versus Jamie Benn in Bruins zone.
8:00 of 2nd period - Shot by Ilya Kovalchuk.
8:00 of 2nd period - Stopped by Sergei Bobrovsky without a rebound.
8:01 of 2nd period - Auston Matthews wins face-off versus Jamie Benn in Bruins zone.
8:08 of 2nd period - Shot by Jamie Benn.
8:08 of 2nd period - Stopped by Tuukka Rask with a rebound.
8:51 of 2nd period - Minor Penalty to Brendan Gallagher for Holding Stick.
8:52 of 2nd period - John Tavares wins face-off versus Jamie Benn in Bruins zone.
9:05 of 2nd period - Shot by Ivan Provorov.
9:05 of 2nd period - Shot Blocked by Noah Hanifin.
9:07 of 2nd period - Shot by Cam Fowler.
9:07 of 2nd period - Shot Misses the Net.
9:09 of 2nd period - Shot by Cam Fowler.
9:09 of 2nd period - Stopped by Sergei Bobrovsky with a rebound.
9:11 of 2nd period - Shot by Ivan Provorov.
9:11 of 2nd period - Stopped by Sergei Bobrovsky without a rebound.
9:12 of 2nd period - John Tavares wins face-off versus Brock Boeser in Bruins zone.
9:24 of 2nd period - John Tavares is hit by P.K. Subban.
10:00 of 2nd period - Icing by Nate Schmidt.
10:01 of 2nd period - Auston Matthews wins face-off versus Jamie Benn in Canadiens zone.
11:10 of 2nd period - Shot by Jordan Eberle.
11:10 of 2nd period - Stopped by Sergei Bobrovsky without a rebound.
11:11 of 2nd period - Paul Carey wins face-off versus John Tavares in Bruins zone.
11:11 of 2nd period - Paul Carey is hit by Jakob Silfverberg.
11:26 of 2nd period - Torey Krug is hit by Michael Stone and loses puck.
11:33 of 2nd period - Shot by Joel Eriksson Ek.
11:33 of 2nd period - Shot Misses the Net.
11:39 of 2nd period - Shot by Jake Debrusk.
11:39 of 2nd period - Goal by Jake Debrusk - Canadiens : 2 - Bruins : 1.
11:40 of 2nd period - Johan Larsson wins face-off versus Matt Cullen in neutral zone.
12:20 of 2nd period - Marcus Johansson is hit by Victor Hedman and loses puck.
12:41 of 2nd period - Connor Clifton is hit by Jordan Eberle and loses puck.
13:45 of 2nd period - Shot by Jakob Silfverberg.
13:45 of 2nd period - Stopped by Sergei Bobrovsky without a rebound.
13:46 of 2nd period - Auston Matthews wins face-off versus Jake Debrusk in Bruins zone.
16:01 of 2nd period - Shot by Brendan Gallagher.
16:01 of 2nd period - Stopped by Tuukka Rask without a rebound.
16:02 of 2nd period - Colin White wins face-off versus Nick Schmaltz in Canadiens zone.
17:11 of 2nd period - Shot by Marcus Johansson.
17:11 of 2nd period - Shot Misses the Net.
17:17 of 2nd period - Shot by Jordan Eberle.
17:17 of 2nd period - Stopped by Sergei Bobrovsky without a rebound.
17:18 of 2nd period - Jamie Benn wins face-off versus Nick Shore in Bruins zone.
17:51 of 2nd period - Shot by Jamie Benn.
17:51 of 2nd period - Shot Misses the Net.
17:53 of 2nd period - Shot by Brad Richardson.
17:53 of 2nd period - Shot Blocked by Ivan Provorov.
17:55 of 2nd period - Shot by Brad Richardson.
17:55 of 2nd period - Stopped by Tuukka Rask without a rebound.
17:56 of 2nd period - Colin White wins face-off versus Johan Larsson in Canadiens zone.
18:09 of 2nd period - Shot by Johan Larsson.
18:09 of 2nd period - Stopped by Tuukka Rask without a rebound.
18:10 of 2nd period - Nick Schmaltz wins face-off versus Matt Cullen in Canadiens zone.
18:27 of 2nd period - Shot by Nick Schmaltz.
18:27 of 2nd period - Shot Misses the Net.
18:35 of 2nd period - Shot by Markus Granlund.
18:35 of 2nd period - Stopped by Tuukka Rask without a rebound.
18:36 of 2nd period - Auston Matthews wins face-off versus Brock Boeser in Canadiens zone.
19:03 of 2nd period - Shot by Brock Boeser.
19:03 of 2nd period - Stopped by Tuukka Rask without a rebound.
19:04 of 2nd period - Johan Larsson wins face-off versus John Tavares in Canadiens zone.
19:05 of 2nd period - Shot by Nino Niederreiter.
19:05 of 2nd period - Shot Misses the Net.
19:07 of 2nd period - Shot by Johan Larsson.
19:07 of 2nd period - Shot Misses the Net.
19:09 of 2nd period - Shot by Johan Larsson.
19:09 of 2nd period - Stopped by Tuukka Rask without a rebound.
19:10 of 2nd period - John Tavares wins face-off versus Johan Larsson in Canadiens zone.
19:25 of 2nd period - Shot by Jakob Silfverberg.
19:25 of 2nd period - Shot Blocked by Torey Krug.
19:29 of 2nd period - Shot by Teuvo Teravainen.
19:29 of 2nd period - Stopped by Sergei Bobrovsky without a rebound.
19:30 of 2nd period - Jamie Benn wins face-off versus Auston Matthews in Bruins zone.
19:32 of 2nd period - Minor Penalty to Jamie Benn for Tripping.
19:33 of 2nd period - Auston Matthews wins face-off versus Kasperi Kapanen in Bruins zone.
Goals for this period are 1 for Canadiens vs 1 for Bruins.
Shots for this period are 13 for Canadiens vs 9 for Bruins.

3rd period


0:01 of 3rd period - Kasperi Kapanen wins face-off versus John Tavares in neutral zone.
1:19 of 3rd period - Shot by Ilya Kovalchuk.
1:19 of 3rd period - Shot Misses the Net.
1:21 of 3rd period - Shot by Josh Morrissey.
1:21 of 3rd period - Deflect By Auston Matthews.
1:21 of 3rd period - Stopped by Sergei Bobrovsky without a rebound.
1:22 of 3rd period - John Tavares wins face-off versus Brock Boeser in Bruins zone.
1:45 of 3rd period - Shot by Jordan Eberle.
1:45 of 3rd period - Stopped by Sergei Bobrovsky without a rebound.
1:46 of 3rd period - Nick Shore wins face-off versus Johan Larsson in Bruins zone.
1:47 of 3rd period - Shot by John Tavares.
1:47 of 3rd period - Deflect By Tyson Jost.
1:47 of 3rd period - Shot Misses the Net.
1:49 of 3rd period - Shot by Nick Shore.
1:49 of 3rd period - Shot Misses the Net.
2:29 of 3rd period - Brendan Gallagher is hit by Michael Stone and loses puck.
2:33 of 3rd period - Icing by Nate Schmidt.
2:34 of 3rd period - Nick Schmaltz wins face-off versus Nick Shore in Canadiens zone.
2:34 of 3rd period - Victor Hedman is hit by Michael Stone and loses puck.
2:41 of 3rd period - Shot by Kasperi Kapanen.
2:41 of 3rd period - Deflect By Nick Schmaltz.
2:41 of 3rd period - Shot Blocked by Nick Shore.
2:43 of 3rd period - Shot by Nick Schmaltz.
2:43 of 3rd period - Stopped by Tuukka Rask without a rebound.
2:44 of 3rd period - Paul Carey wins face-off versus Ilya Kovalchuk in Canadiens zone.
3:14 of 3rd period - Minor Penalty to Cam Fowler for Holding.
3:15 of 3rd period - Jakob Silfverberg wins face-off versus Jamie Benn in Canadiens zone.
3:15 of 3rd period - Jakob Silfverberg is hit by Jamie Benn.
3:25 of 3rd period - Shot by Noah Hanifin.
3:25 of 3rd period - Stopped by Tuukka Rask without a rebound.
3:26 of 3rd period - Johan Larsson wins face-off versus Jakob Silfverberg in Canadiens zone.
3:29 of 3rd period - Shot by Victor Hedman.
3:29 of 3rd period - Stopped by Tuukka Rask with a rebound.
4:14 of 3rd period - Icing by Brad Richardson.
4:15 of 3rd period - Jamie Benn wins face-off versus Jakob Silfverberg in Bruins zone.
4:32 of 3rd period - Shot by Torey Krug.
4:32 of 3rd period - Shot Misses the Net.
4:34 of 3rd period - Shot by Jamie Benn.
4:34 of 3rd period - Stopped by Tuukka Rask without a rebound.
4:35 of 3rd period - Jamie Benn wins face-off versus John Tavares in Canadiens zone.
4:48 of 3rd period - Shot by Noah Hanifin.
4:48 of 3rd period - Shot Blocked by Josh Morrissey.
4:50 of 3rd period - Shot by Torey Krug.
4:50 of 3rd period - Stopped by Tuukka Rask without a rebound.
4:51 of 3rd period - John Tavares wins face-off versus Johan Larsson in Canadiens zone.
5:06 of 3rd period - Shot by Brendan Gallagher.
5:06 of 3rd period - Shot Misses the Net.
5:08 of 3rd period - Shot by Nino Niederreiter.
5:08 of 3rd period - Goal by Nino Niederreiter - Canadiens : 2 - Bruins : 2.
5:09 of 3rd period - Auston Matthews wins face-off versus Nick Schmaltz in neutral zone.
5:33 of 3rd period - Shot by Ilya Kovalchuk.
5:33 of 3rd period - Stopped by Sergei Bobrovsky without a rebound.
5:34 of 3rd period - Brock Boeser wins face-off versus John Tavares in Bruins zone.
5:41 of 3rd period - Cam Fowler is hit by Jamie Benn and loses puck.
5:50 of 3rd period - Shot by Jamie Benn.
5:50 of 3rd period - Deflect By Brock Boeser.
5:50 of 3rd period - Stopped by Tuukka Rask with a rebound.
5:52 of 3rd period - Shot by P.K. Subban.
5:52 of 3rd period - Shot Misses the Net.
5:54 of 3rd period - Shot by Brad Richardson.
5:54 of 3rd period - Deflect By Brock Boeser.
5:54 of 3rd period - Shot Misses the Net.
6:56 of 3rd period - Shot by Brendan Gallagher.
6:56 of 3rd period - Shot Misses the Net.
6:58 of 3rd period - Shot by Noah Hanifin.
6:58 of 3rd period - Stopped by Tuukka Rask without a rebound.
6:59 of 3rd period - Auston Matthews wins face-off versus Nick Schmaltz in Canadiens zone.
7:06 of 3rd period - Shot by Auston Matthews.
7:06 of 3rd period - Shot Misses the Net.
7:19 of 3rd period - Icing by Josh Morrissey.
7:20 of 3rd period - Auston Matthews wins face-off versus Paul Carey in Canadiens zone.
8:02 of 3rd period - Off-side.
8:03 of 3rd period - Matt Cullen wins face-off versus Jamie Benn in neutral zone.
8:58 of 3rd period - Shot by Brendan Gallagher.
8:58 of 3rd period - Stopped by Tuukka Rask without a rebound.
8:59 of 3rd period - John Tavares wins face-off versus Nick Schmaltz in Canadiens zone.
8:59 of 3rd period - John Tavares is hit by Markus Granlund.
10:02 of 3rd period - Shot by Auston Matthews.
10:02 of 3rd period - Deflect By Colin White.
10:02 of 3rd period - Shot Blocked by Johan Larsson.
10:14 of 3rd period - Shot by Jonas Brodin.
10:14 of 3rd period - Shot Blocked by Josh Morrissey.
10:55 of 3rd period - Shot by Jamie Benn.
10:55 of 3rd period - Stopped by Tuukka Rask without a rebound.
10:56 of 3rd period - Matt Cullen wins face-off versus Paul Carey in Canadiens zone.
11:00 of 3rd period - Nate Schmidt is hit by Paul Carey and loses puck.
11:04 of 3rd period - Michael Stone is hit by Victor Hedman and loses puck.
11:09 of 3rd period - Shot by Jordan Eberle.
11:09 of 3rd period - Shot Misses the Net.
11:51 of 3rd period - Off-side.
11:52 of 3rd period - Jamie Benn wins face-off versus Nick Shore in neutral zone.
12:21 of 3rd period - Icing by Ivan Provorov.
12:22 of 3rd period - Nick Shore wins face-off versus Johan Larsson in Canadiens zone.
12:22 of 3rd period - Nick Shore is hit by Brendan Gallagher.
12:45 of 3rd period - Shot by Nino Niederreiter.
12:45 of 3rd period - Stopped by Tuukka Rask without a rebound.
12:46 of 3rd period - Nick Schmaltz wins face-off versus Auston Matthews in Canadiens zone.
12:53 of 3rd period - Shot by Markus Granlund.
12:53 of 3rd period - Goal by Markus Granlund - Canadiens : 2 - Bruins : 3.
12:54 of 3rd period - Jamie Benn wins face-off versus Ilya Kovalchuk in neutral zone.
13:21 of 3rd period - Shot by Brad Richardson.
13:21 of 3rd period - Stopped by Tuukka Rask with a rebound.
13:23 of 3rd period - Shot by Victor Hedman.
13:23 of 3rd period - Stopped by Tuukka Rask without a rebound.
13:24 of 3rd period - John Tavares wins face-off versus Johan Larsson in Canadiens zone.
13:49 of 3rd period - Shot by Johan Larsson.
13:49 of 3rd period - Stopped by Tuukka Rask without a rebound.
13:50 of 3rd period - Matt Cullen wins face-off versus Jamie Benn in Canadiens zone.
14:09 of 3rd period - Shot by Matt Cullen.
14:09 of 3rd period - Shot Misses the Net.
14:27 of 3rd period - Shot by Brock Boeser.
14:27 of 3rd period - Stopped by Tuukka Rask with a rebound.
14:38 of 3rd period - Icing by Josh Morrissey.
14:39 of 3rd period - Johan Larsson wins face-off versus Matt Cullen in Canadiens zone.
14:54 of 3rd period - Matt Cullen is hit by Brendan Gallagher and loses puck.
15:06 of 3rd period - Josh Morrissey is hit by Torey Krug and loses puck.
15:10 of 3rd period - Icing by Noah Hanifin.
15:11 of 3rd period - John Tavares wins face-off versus Johan Larsson in Bruins zone.
15:28 of 3rd period - Icing by John Tavares.
15:29 of 3rd period - John Tavares wins face-off versus Jamie Benn in Canadiens zone.
15:36 of 3rd period - Shot by Teuvo Teravainen.
15:36 of 3rd period - Shot Blocked by P.K. Subban.
16:22 of 3rd period - Shot by Colin White.
16:22 of 3rd period - Shot Misses the Net.
16:32 of 3rd period - Shot by Colin White.
16:32 of 3rd period - Stopped by Sergei Bobrovsky with a rebound.
16:38 of 3rd period - Shot by Ilya Kovalchuk.
16:38 of 3rd period - Shot Misses the Net.
16:40 of 3rd period - Shot by Colin White.
16:40 of 3rd period - Shot Misses the Net.
17:06 of 3rd period - Shot by Brendan Gallagher.
17:06 of 3rd period - Stopped by Tuukka Rask without a rebound.
17:07 of 3rd period - Matt Cullen wins face-off versus Johan Larsson in Canadiens zone.
17:35 of 3rd period - Josh Morrissey is hit by Johan Larsson and loses puck.
17:50 of 3rd period - Torey Krug is hit by Jordan Eberle and loses puck.
18:05 of 3rd period - Icing by Jakob Silfverberg.
18:06 of 3rd period - John Tavares wins face-off versus Jamie Benn in Canadiens zone.
18:53 of 3rd period - Brad Richardson is hit by Teuvo Teravainen and loses puck.
19:06 of 3rd period - Michael Stone is hit by Brad Richardson and loses puck.
19:15 of 3rd period - Canadiens, Tuukka Rask is pulled from the net.
19:21 of 3rd period - Shot by Colin White.
19:21 of 3rd period - Stopped by Sergei Bobrovsky with a rebound.
19:27 of 3rd period - Shot by Ilya Kovalchuk.
19:27 of 3rd period - Deflect By Auston Matthews.
19:27 of 3rd period - Shot Misses the Net.
19:37 of 3rd period - Shot by Auston Matthews.
19:37 of 3rd period - Shot Misses the Net.
Goals for this period are 0 for Canadiens vs 2 for Bruins.
Shots for this period are 5 for Canadiens vs 17 for Bruins.